 Dungeon Crawl Stone Soup version 0.30-a0-930-gb9d0489357 (webtiles) character file.

Game seed: 8116310045616283260

58 Dirtsage the Chopper (level 3, -2/29 HPs)
             Began as a Demonspawn Fighter on Mar 23, 2023.
             Slain by a gnoll
             ... wielding a +0 whip
              (8 damage)
             ... on level 3 of the Dungeon.
             The game lasted 00:02:40 (1810 turns).

Dirtsage the Chopper (Demonspawn Fighter)           Turns: 1810, Time: 00:02:41

Health: -2/29      AC:  8    Str: 18    XL:     3   Next: 76%
Magic:  3/3        EV:  9    Int:  9    God:
Gold:   144        SH:  4    Dex: 12    Spells: 2/2 levels left

rFire   . . .      SeeInvis .    a - +0 war axe
rCold   . . .      Faith    .    c - +0 buckler
rNeg    . . .      Spirit   .    b - +0 scale mail
rPois   .          Reflect  .    (no helmet)
rElec   .          Rampage  .    (no cloak)
rCorr   .                        (no gloves)
Will    .....                    (no boots) Stlth
                                 (no amulet)
HPRegen 0.24/turn                (no ring)
MPRegen 0.08/turn                (no ring)

@: no status effects
A: hooves 1, slimy green scales 1
a: no special abilities


You were on level 3 of the Dungeon.
You visited 1 branch of the dungeon, and saw 3 of its levels.

You collected 144 gold pieces.

Inventory:

Hand Weapons
 a - a +0 war axe (weapon)
Armour
 b - a +0 scale mail (worn)
 c - a +0 buckler (worn)
Magical Staves
 p - a staff of conjuration
Scrolls
 f - 2 scrolls of fog {unknown}
 i - a scroll of magic mapping {unknown}
 j - a scroll of poison {unknown}
 l - a scroll of enchant armour {unknown}
 o - 2 scrolls of amnesia {unknown}
Potions
 d - a potion of might
 e - a potion of invisibility {unknown}
 g - 2 potions of curing {unknown}
 h - a potion of berserk rage {unknown}
 k - a potion of mutation {unknown}
 m - a potion of magic {unknown}
 n - a potion of lignification {unknown}
 q - 2 potions of ambrosia {unknown}


   Skills:
 - Level 3.0 Fighting
 + Level 3.8 Axes
 - Level 2.6 Armour
 - Level 2.6 Shields


You had 2 spell levels left.
You didn't know any spells.
Your spell library was empty.

Dungeon Overview and Level Annotations

Branches:
Dungeon (3/15)

Altars:

Shops:
D:1 :


Innate Abilities, Weirdness & Mutations

You have large cloven feet.
You are partially covered in slimy green scales. (AC +2)


Message History

You hit the quokka but do no damage. Your kick misses the quokka.
The quokka closely misses you.
You slash the quokka!
You kill the quokka!
No target in view! 2 gnolls come into view.
The gnoll shouts! x2; You hear a shout!
A gnoll comes into view. It is wielding a +0 whip.
A worm comes into view.
The gnoll shouts!
A gnoll comes into view. It is wielding a +0 whip.
The gnoll shouts!
You block the gnoll's attack. The gnoll closely misses you.
You slash the gnoll! You kick the gnoll.
You kill the gnoll!
The gnoll hits you from afar with a +0 halberd.
You take 2 damage, and have 27/29 hp.
The gnoll hits you but does no damage.
The gnoll hits you from afar with a +0 halberd!
Things that are here:
a +0 whip; a gnoll corpse You take 9 damage, and have 18/29 hp.
MASSIVE DAMAGE!!
You hit the gnoll.
The gnoll is moderately wounded.
The gnoll closely misses you. x2
You closely miss the gnoll.
The gnoll is moderately wounded.
The gnoll barely misses you. You block the gnoll's attack.
The gnoll hits you with a +0 whip.
The gnoll hits you from afar with a +0 halberd!
* * * LOW HITPOINT WARNING * * *
You take 12 damage, and have 6/29 hp.
MASSIVE DAMAGE!!
The gnoll barely misses you. The gnoll attacks as you move away!
You block the gnoll's attack. The gnoll attacks as you move away!
The gnoll hits you with a +0 whip.
* * * LOW HITPOINT WARNING * * *
You take 3 damage, and have 5/29 hp.
The gnoll attacks as you move away! You block the gnoll's attack.
The gnoll attacks as you move away! The gnoll hits you with a +0 whip!
You die...

...... ###....
....# ###..##
#<....# #.....#
#.....# ##.#..#
# #@##.######.#
#g#.........#
#.#..##.#..##..
#g#..##........
#.#.........#..
#g#.#.......# .
#....#######...
####.####..# ..
.....gg).g.# #


You could see 3 gnolls.

Vanquished Creatures
  A gnoll (D:3)
  An adder (D:2)
  2 dart slugs (D:1)
  7 ball pythons
  2 bats
  5 endoplasms
  A giant cockroach (D:1)
  2 hobgoblins
  3 quokkas
  A frilled lizard (D:2)
  5 goblins
  3 rats
33 creatures vanquished.

Notes
Turn   | Place    | Note
-------+----------+-------------------------------------------
     0 | D:1      | Dirtsage the Demonspawn Fighter began the quest for the
                  | Orb.
     0 | D:1      | Reached XP level 1. HP: 18/18 MP: 1/1
   110 | D:1      | Gained mutation: You have large cloven feet. [demonic
                  | ancestry]
   110 | D:1      | Reached XP level 2. HP: 9/24 MP: 2/2
   301 | D:1      | Found Wiunluph's Book Emporium.
   900 | D:2      | Gained mutation: You are partially covered in slimy green
                  | scales. (AC +2) [demonic ancestry]
   900 | D:2      | Reached XP level 3. HP: 29/29 MP: 3/3
  1810 | D:3      | Slain by a gnoll

Illustrated notes

Levels and vault maps discovered:
D:1:      grunt_arrival_crossed_arrows, layout_loops_ring, serial_shops, shop
D:2:      layout_basic, corexii_corridor_pit, minivault_25
D:3:      layout_basic, fedhas_altar_3, nicolae_uskayaw_en_pointe,
          mainiacjoe_overflow_alcove_2, serial_rivers,
          chequers_serial_rivers_small_3, chequers_serial_rivers_room_b,
          chequers_serial_rivers_room_b, chequers_serial_rivers_large_b,
          chequers_serial_rivers_micro_b, chequers_serial_rivers_micro_a,
          interstate_on_off, minmay_tree_intersection, minmay_checkerbox

Skill      XL: |  1  2 |
---------------+-------+-----
Axes           | 2 3 |  3.8
Fighting       | |  3.0
Armour         | |  2.6
Shields        | |  2.6

Action                     || total
---------------------------++-------
  Melee: War axe           ||    88
         Kick              ||    14
 Armour: Scale mail        ||    50
  Dodge: Dodged            ||    38
  Block: Buckler           ||    17

Table legend: (Time is in decaauts)
 A = Elapsed time spent in this place.
 B = Non-inter-level travel time spent in this place.
 C = Inter-level travel time spent in this place.
 D = Time resting spent in this place.
 E = Time spent auto-exploring this place.
 F = Levels seen in this place.
 G = Mean time per level.
                   A        B        C        D        E       F      G
               +--------+--------+--------+--------+--------+-----+--------+
         Total |   1845 |   1806 |     39 |    165 |   1411 |   3 |  615.0 |
       Dungeon |   1845 |   1806 |     39 |    165 |   1411 |   3 |  615.0 |
               +--------+--------+--------+--------+--------+-----+--------+

Top non-repeatable levels by time:
     D:2: 1012 daAuts
     D:1: 796 daAuts
     D:3: 36 daAuts
